 Dungeon Crawl Stone Soup version 0.21.1-1-g345015f (webtiles) character file.

160 inc the Vexing (level 5, 21/21 HPs)
             Began as a Felid Enchanter on Mar 11, 2018.
             Was a Follower of Wu Jian.
             Quit the game on level 4 of the Dungeon.
             The game lasted 00:08:54 (5317 turns).

inc the Vexing (Felid Enchanter)                    Turns: 5317, Time: 00:08:55

Health: 21/21      AC:  2    Str:  4    XL:     5   Next: 17%
Magic:  9/9        EV: 18    Int: 19    God:    Wu Jian [*.....]
Gold:   98         SH:  0    Dex: 16    Spells: 2/8 levels left
                                        Lives:  0   Deaths: 1

rFire    . . .     SeeInvis +     - Unarmed
rCold    . . .     Gourm    .   (shield unavailable)
rNeg     . . .     Faith    .   (armour unavailable)
rPois    .         Spirit   .   (helmet unavailable)
rElec    .         Reflect  .   (cloak unavailable)
rCorr    .         Harm     .   (gloves unavailable)
MR       .....                  (boots unavailable)
Stlth    +++.......             (no amulet)
HPRegen  0.07/turn              m - ring of flight
MPRegen  0.11/turn              (no ring)

@: quick
A: very small, no armour, no weapons or thrown items, stealth, claws 1, fangs 3,
see invisible, carnivore, speed 1, shaggy fur 2, slow metabolism 1, sharp paws
a: Renounce Religion, Evoke Flight


You were on level 4 of the Dungeon.
You worshipped Wu Jian.
Wu Jian was aware of your devotion.
You were not hungry.

You visited 1 branch of the dungeon, and saw 4 of its levels.

You collected 98 gold pieces.

Inventory:

Jewellery
 m - a ring of flight (left paw)
Wands
 g - a wand of polymorph (9)
Scrolls
 c - a scroll of identify
 f - 4 scrolls of random uselessness {unknown}
 h - 3 scrolls of remove curse {unknown}
 j - a scroll of enchant armour {unknown}
 n - 2 scrolls of teleportation {unknown}
 o - a scroll of enchant weapon {unknown}
Potions
 d - a potion of lignification
 e - 2 potions of heal wounds
 i - 2 potions of magic
 k - a potion of degeneration
 l - 2 potions of brilliance
Books
 a - a book of Maledictions

   Spells                             Type                      Level
   a - Corona                         Hexes                        1
   b - Ensorcelled Hibernation        Hexes/Ice                    2
   c - Confuse                        Hexes                        3
   d - Tukima's Dance                 Hexes                        3
   e - Dazzling Spray                 Conjuration/Hexes            3
Comestibles
 b - 7 rations


   Skills:
 - Level 2.6 Dodging
 - Level 4.0 Stealth
 + Level 4.6 Unarmed Combat
 - Level 2.0 Spellcasting
 - Level 6.1 Hexes
 - Level 2.4 Ice Magic


You had 2 spell levels left.
You knew the following spells:

 Your Spells              Type           Power        Failure   Level  Hunger
a - Corona                Hex            ####...      1%          1    #......
b - Ensorcelled Hibernat  Hex/Ice        ###...       4%          2    ###....
c - Confuse               Hex            ####....     4%          3    ###....


Dungeon Overview and Level Annotations

Branches:
Dungeon (4/15)
 Temple: D:4-7

Altars:
Ashenzari
Dithmenos
Wu Jian

Shops:
D:4 [

Annotations:
D:3 Mgcat's ghost, amateur TrFi


Innate Abilities, Weirdness & Mutations

You cannot wear armour.
You are incapable of wielding weapons or throwing items.
Your paws allow you to move quietly. (Stealth)
You have sharp claws.
You have razor-sharp teeth.
You have supernaturally acute eyesight. (SInv)
You are carnivorous and can eat meat at any time.
You cover ground quickly.
You are covered in thick fur. (AC +2)
You have a slow metabolism.
Your sharp claws are effective at attacking unaware monsters.


Message History

You lunge at the ogre.
You pounce on the unaware helpless ogre!
You mangle the ogre!!
The ogre is severely wounded.
The ogre misses you.
You scratch the ogre. You bite the ogre, but do no damage.
The ogre is almost dead.
The ogre hits you with a giant club!!
Ouch! That really hurt!
* * * LOW HITPOINT WARNING * * *
You barely miss the ogre.
The ogre is almost dead.
A jackal comes into view.
The orc wizard gestures at you while chanting.
The magic dart hits you!
You die...
You are now level 5!
You rejoin the land of the living...
Okay, then.
Are you sure you want to abandon this character and quit the game? (Confirm with "yes".)

#.....
......
..
.....
.
.#.###
.##
......
..#
.>..#
#.#
...#
#.#
..(#
#.#
...#
#@#
...#
#.#
...#
#.#
#....
#.#
#..#..
#.#
#..# #
..#
...
..#
..#


There were no monsters in sight!

Vanquished Creatures
  An orc wizard (D:3)
  Terence (D:1)
  Jessica (D:2)
  A worker ant (D:4)
  4 gnolls (D:2)
  5 adders
  3 oozes
  4 worms
  4 dart slugs
  4 leopard geckos
  12 orcs (D:3)
  2 giant cockroaches (D:2)
  9 goblins
  6 hobgoblins
  A jackal (D:3)
  3 kobolds
  3 quokkas
  A ball python skeleton (D:3)
  9 bats
  2 frilled lizards
  8 rats
84 creatures vanquished.

Notes
Turn   | Place    | Note
-------+----------+-------------------------------------------
     0 | D:1      | inc the Felid Enchanter began the quest for the Orb.
     0 | D:1      | Reached XP level 1. HP: 7/7 MP: 4/4
   240 | D:1      | Reached XP level 2. HP: 11/11 MP: 6/6
   245 | D:1      | Learned a level 2 spell: Ensorcelled Hibernation
   819 | D:1      | Reached XP level 3. HP: 14/14 MP: 7/7
  1831 | D:2      | Noticed Jessica
  1833 | D:2      | Killed Jessica
  1833 | D:2      | Reached XP level 4. HP: 18/18 MP: 8/8
  2328 | D:2      | Noticed Terence
  2353 | D:1      | Learned a level 3 spell: Confuse
  2552 | D:1      | Killed Terence
  2776 | D:2      | Reached skill level 1 in Ice Magic
  2776 | D:2      | Reached XP level 5. HP: 21/21 MP: 6/9
  2793 | D:2      | Reached skill level 5 in Hexes
  3449 | D:2      | Found an ornate altar of the Wu Jian Council.
  3454 | D:2      | Found a shattered altar of Ashenzari.
  3558 | D:2      | Became a worshipper of the Wu Jian Council
  3883 | D:3      | Reached skill level 6 in Hexes
  4138 | D:3      | Found a shadowy altar of Dithmenos.
  4302 | D:3      | Gained mutation: You are covered in thick fur. (AC +2) [Felid growth]
  4302 | D:3      | Reached XP level 6. HP: 24/24 MP: 3/10
  4486 | D:3      | Noticed Mgcat's ghost (amateur TrFi)
  5114 | D:4      | Found Zisayjats's Armour Shoppe.
  5306 | D:4      | Reached * piety under Wu Jian
  5316 | D:4      | Killed from afar by an orc wizard
  5317 | D:4      | Reached XP level 5. HP: 0/21 MP: 7/9
  5317 | D:4      | Quit the game

Skill      XL: |  1  2  3  4  5 |
---------------+----------------+-----
Unarmed Combat | 2 3 4 |  4.6
Ice Magic      | 1 2 |  2.4
Hexes          | 6 |  6.1
Dodging        | |  2.6
Stealth        | |  4.0
Spellcasting   | |  2.0

Action                   |  1- 3 |  4- 6 || total
-------------------------+-------+-------++-------
Melee: Unarmed           |    60 |   128 ||   188
       Punch             |     2 |       ||     2
       Bite              |       |     7 ||     7
 Cast: Corona            |     1 |       ||     1
       Ensorcelled Hiber |    17 |    68 ||    85
       Confuse           |       |     8 ||     8
Invok: Lunge             |       |    11 ||    11
  Use: Potion            |     1 |       ||     1
       Scroll            |       |     4 ||     4
 Stab: Sleeping          |    19 |    45 ||    64
       Distracted        |       |     1 ||     1
       Confused          |       |     2 ||     2
  Eat: Chunk             |     5 |    11 ||    16
Armor: Skin              |     4 |     7 ||    11
Dodge: Dodged            |    30 |   109 ||   139
